 Dungeon Crawl Stone Soup version 0.31-a0-263-ge8cad7f256 (webtiles) character file.

Game seed: 16304388561270798765

72 Gaza the Conjurer (level 4, -4/27 HPs)
             Began as an Octopode Conjurer on July 13, 2023.
             Slain by a sleepcap (9 damage)
             ... on level 3 of the Dungeon.
             The game lasted 00:20:28 (2459 turns).

Gaza the Conjurer (Octopode Conjurer)               Turns: 2459, Time: 00:20:28

Health: -4/27      AC:  1    Str:  6    XL:     4   Next: 26%
Magic:  1/7        EV:  2    Int: 22    God:
Gold:   106        SH:  0    Dex: 16    Spells: 5/8 levels left

rFire   + . .        (no weapon)
rCold   x . .        (no shield)
rNeg    . . .        (helmet restricted)
rPois   .            (no amulet)
rElec   .            b - +6 ring of dexterity
rCorr   .            g - ring of fire
SInv    .            k - ring of wizardry
Will    .....        (no ring)
Stlth   +++          (no ring)
HPRegen 0.24/turn    (no ring)
MPRegen 0.10/turn    (no ring)
                     (no ring)

%: wizardry (x1)
@: sleeping
A: almost no armour, amphibious, 8 rings, camouflage 1, gelatinous body 1,
(nimble swimmer 1), tentacles
a: no special abilities


You were on level 3 of the Dungeon.
You visited 1 branch of the dungeon, and saw 3 of its levels.

You collected 106 gold pieces.

Inventory:

Armour
 d - a +0 chain mail
Jewellery
 b - a +6 ring of dexterity (left tentacle)
 g - a ring of fire (right tentacle)
 k - a ring of wizardry (on tentacle)
Talismans
 c - a beast talisman
 i - a beast talisman
Scrolls
 h - a scroll of amnesia {unknown}
 j - a scroll of teleportation {unknown}
 l - a scroll of summoning
 m - a scroll of fog {unknown}
Potions
 a - a potion of magic
 e - a potion of lignification {unknown}
 f - a potion of curing {unknown}


   Skills:
 + Level 0.1 Fighting
 + Level 2.4 Dodging
 + Level 3.1 Stealth
 + Level 0.4 Unarmed Combat
 + Level 2.6 Spellcasting
 + Level 4.9 Conjurations


You had 5 spell levels left.
You knew the following spells:

 Your Spells              Type           Power      Damage    Failure   Level
a - Magic Dart            Conj           96%        1d7       1%          1
b - Searing Ray           Conj           48%        2d6       1%          2

Your spell library contained the following spells:

 Spells                   Type           Power      Damage    Failure   Level
 Dazzling Flash           Conj/Hex       26%        N/A       6%          3
 Fulminant Prism          Conj/Hex       6%         3d7       19%         4
 Iskenderun's Mystic Bla  Conj/Tloc      13%        2d5       19%         4
 Malign Gateway           Summ/Tloc      1%         N/A       100%        7
 Summon Horrible Things   Summ           1%         N/A       100%        8


Dungeon Overview and Level Annotations

Branches:
Dungeon (3/15)

Altars:
Kikubaaqudgha

Shops:
D:1 [(


Innate Abilities, Weirdness & Mutations

You cannot wear most types of armour.
You are amphibious.
You can wear up to eight rings at the same time.
Your skin changes colour to match your surroundings (Stealth+).
Your rubbery body absorbs attacks. (AC +1, EV +1)
((You are camouflaged when in or above water. (Stealth+)))
You have tentacles for arms and can constrict up to eight enemies at once.


Message History

Your hobgoblin hits the sleepcap but does no damage.
The sleepcap barely misses your worm.
You feel sick. The adder completely misses your worm.
Your hobgoblin barely misses the adder.
The adder bites your worm.
Your worm dies!
Your worm's corpse dissolves into shadows!
Your hobgoblin hits the sleepcap but does no damage.
Your rat bites the sleepcap but does no damage.
You feel sick.
You are no longer poisoned.
Your rat bites the sleepcap but does no damage.
The sleepcap releases spores at your rat.
Your rat dies!
Your rat's corpse dissolves into shadows!
Your hobgoblin closely misses the adder.
Your hobgoblin hits the adder.
Your hobgoblin hits the adder but does no damage.
Aiming: Magic Dart (safe; 1% risk of failure)
Press: ? - help, Q - select action, (/) - cycle Shift-Dir - straight line, f - sleepcap
Aim: a sleepcap (moderately damaged, ally target, 100% to hit)
The magic dart hits the sleepcap.
The sleepcap is moderately damaged.
Your hobgoblin closely misses the adder.
You tentacle-slap the sleepcap but do no damage.
You grab the sleepcap.
The sleepcap is moderately damaged.
You constrict the sleepcap. The sleepcap closely misses you.
You tentacle-slap the sleepcap but do no damage.
You squeeze the sleepcap, but do no damage.
The sleepcap is moderately damaged.
You constrict the sleepcap, but do no damage.
Your hobgoblin hits the adder but does no damage.
The sleepcap releases spores at you.
* * * LOW HITPOINT WARNING * * *
You are engulfed in a cloud of soporific spores!
You fall asleep.
You lose your grip on the sleepcap.
Your hobgoblin closely misses the adder.
The sleepcap releases spores at you!
You die...

........<.....#
#..# §.
###########.#.#
#..# ≈. #.#.#
#..# ≈§
#.#.###..# §. ##
#.#..##..#### .
..##.##.##.....#
......).....[#
####.##.##.###..#
#@..........# .##
#f#####.###.# <.
#S# #.# .# .##
#g## #.# .# .#
#g.# #.# .# .#
#.#.# #.# .# ..
... ... ..# .#
..... .#..... ..
....... ...###


You could see a sleepcap (ally target), an adder (ally target) and 2 friendly
hobgoblins.

Vanquished Creatures
  2 adders
  A dart slug (D:3)
  4 ball pythons
  5 endoplasms
  8 goblins
  6 hobgoblins
  3 jackals (D:2)
  7 kobolds
  2 quokkas
  3 bats (D:2)
  2 frilled lizards (D:1)
  4 rats (D:1)
47 creatures vanquished.

Vanquished Creatures (collateral kills)
  A hobgoblin (D:2)
1 creature vanquished.

Grand Total: 48 creatures vanquished

Notes
Turn   | Place    | Note
-------+----------+-------------------------------------------
     0 | D:1      | Gaza the Octopode Conjurer began the quest for the Orb.
     0 | D:1      | Reached XP level 1. HP: 11/11 MP: 3/3
   272 | D:1      | Reached XP level 2. HP: 11/17 MP: 5/5
   276 | D:1      | Learned a level 2 spell: Searing Ray
   563 | D:1      | Found Ipocrib's Antique Weapon Shoppe.
   603 | D:1      | Found Ismag's Armour Shop.
   837 | D:1      | Found a faded altar of an unknown god.
   916 | D:1      | Reached XP level 3. HP: 21/21 MP: 2/6
  2315 | D:3      | Reached XP level 4. HP: 15/27 MP: 0/7
  2400 | D:3      | Found an ancient bone altar of Kikubaaqudgha.
  2459 | D:3      | Slain by a sleepcap

Illustrated notes

Levels and vault maps discovered:
D:1:      minmay_arrival_arboretum_small, layout_basic,
          hellmonk_ecumenical_altar_arch_garden, serial_shops,
          nicolae_shop_window_shopping, shop, minmay_strange_pillars,
          glass_columns_a, serial_bayou_lagoon_a
D:2:      layout_basic, st_stairs_1, kennysheep_pointless_box,
          corexii_corridor_pit, lightli_corner_chamber
D:3:      layout_loops_ring, mainiacjoe_overflow_paths,
          nicolae_tso_swordbearing_angel, mainiacjoe_overflow_24_doors,
          gammafunk_ghost_stat_death, st_stairs_4

Skill      XL: |  1  2  3 |
---------------+----------+-----
Stealth        | 3 |  3.1
Fighting       | |  0.1
Dodging        | |  2.4
Unarmed Combat | |  0.4
Spellcasting   | |  2.6
Conjurations   | |  4.9

Action                     |  1- 3 |  4- 6 || total
---------------------------+-------+-------++-------
  Melee: Unarmed           |   109 |     5 ||   114
         Constrict         |    35 |     2 ||    37
         Tentacles         |    39 |     3 ||    42
         Punch             |     2 |       ||     2
   Cast: Magic Dart        |    60 |    10 ||    70
    Use: Scroll            |     3 |     1 ||     4
   Stab: Sleeping          |     1 |       ||     1
 Armour: Skin              |     4 |     1 ||     5
  Dodge: Dodged            |    45 |    12 ||    57

Table legend: (Time is in decaauts)
 A = Elapsed time spent in this place.
 B = Non-inter-level travel time spent in this place.
 C = Inter-level travel time spent in this place.
 D = Time resting spent in this place.
 E = Time spent auto-exploring this place.
 F = Levels seen in this place.
 G = Mean time per level.
                   A        B        C        D        E       F      G
               +--------+--------+--------+--------+--------+-----+--------+
         Total |   2457 |   2418 |     39 |    109 |    339 |   3 |  819.0 |
       Dungeon |   2457 |   2418 |     39 |    109 |    339 |   3 |  819.0 |
               +--------+--------+--------+--------+--------+-----+--------+

Top non-repeatable levels by time:
     D:1: 1368 daAuts
     D:2: 925 daAuts
     D:3: 163 daAuts
